 Dungeon Sprint DCSS version 0.31.0-32-g396128a36d (webtiles) character file.

Game seed: 12649303596374186644

499 Heoruswealwe the Spear-Bearer (level 6, -4/66 HPs)
             Began as a Minotaur Fighter on Mar 13, 2024.
             Was an Initiate of Gozag.
             Slain by a wyvern (13 damage)
             ... in the Dungeon (Sprint IX: "|||||||||||||||||||||||||||||").
             The game lasted 00:01:23 (150 turns).

Heoruswealwe the Spear-Bearer (Minotaur Fighter)     Turns: 150, Time: 00:01:24

Health: -4/66      AC:  8    Str: 22    XL:     6   Next: 94%
Magic:  5/5        EV:  9    Int:  5    God:    Gozag
Gold:   0          SH:  4    Dex: 10    Spells: 5/5 levels left

rFire   . . .        a - +0 trident
rCold   . . .        d - +0 buckler
rNeg    . . .        c - +0 scale mail
rPois   .            (helmet restricted)
rElec   .            (no cloak)
rCorr   .            (no gloves)
SInv    .            (no boots)
Will    .....        (no amulet) Stlth
                     (no ring)
HPRegen 0.31/turn    (no ring)
MPRegen 0.09/turn

%: no teleportation
@: gold aura
A: horns 2, retaliatory headbutt
a: Renounce Religion, Potion Petition, Call Merchant, Bribe Branch


You were in the Dungeon.
You worshipped Gozag.
Gozag was noncommittal.
You visited 1 branch

Inventory:

Hand Weapons
 a - a +0 trident (weapon)
Armour
 c - a +0 scale mail (worn)
 d - a +0 buckler (worn)
Jewellery
 k - a +3 ring of strength
 l - a +3 ring of dexterity
Wands
 h - a wand of quicksilver (10)
Scrolls
 j - 2 scrolls of blinking
Potions
 b - a potion of might
 e - 4 potions of curing
 f - 3 potions of heal wounds
 g - a potion of haste
 i - a potion of berserk rage


   Skills:
 + Level 9.6 Fighting
 * Level 12.7 Polearms
 + Level 9.6 Armour
 - Level 3.6 Shields


You had 5 spell levels left.
You didn't know any spells.
Your spell library was empty.

Dungeon Overview and Level Annotations

Branches:
Dungeon (1/1)

Altars:
Cheibriados
Dithmenos
Elyvilon
Fedhas
Gozag
Hepliaklqana
Kikubaaqudgha
Makhleb
Nemelex Xobeh
Okawaru
Qazlal
Ru
Sif Muna
Trog
Uskayaw
Vehumet
Wu Jian
Xom
Yredelemnul
Zin
The Shining One
Jiyva
Lugonu


Innate Abilities, Weirdness & Mutations

You have a pair of horns on your head.
You reflexively headbutt those who attack you in melee.


Message History

You block the howler monkey's attack.
You puncture the howler monkey!
You kill the howler monkey!
The wyvern is distracted by your dazzling golden aura.
Deactivating autopickup; reactivate with Ctrl-A.
You closely miss something.
The wyvern hisses angrily.
You headbutt something. You miss something. Your headbutt misses something.
Something hits you but does no damage.
You hit something. Your headbutt misses something.
Something hits you but does no damage.
You are poisoned.
You puncture something!
Reactivating autopickup.
You feel a bit more experienced.
You feel sick.
You feel sick.
Items here: $ )) [[.
You feel sick.
The wyvern is no longer distracted by gold.
The wyvern closely misses you.
There is an open door to the Dungeon, spattered with blood here.
Items here: $ )) [[.
You hit the wyvern but do no damage.
You headbutt the wyvern, but do no damage.
You feel sick. The wyvern barely misses you.
The wyvern bites you but does no damage.
You hit the wyvern but do no damage.
You feel sick.
You hit the wyvern but do no damage. You headbutt the wyvern.
The wyvern is moderately wounded.
The wyvern bites you.
* * * LOW HITPOINT WARNING * * *
The wyvern closely misses you.
You hit the wyvern but do no damage. You headbutt the wyvern.
The wyvern is moderately wounded.
You feel sick.
You are no longer poisoned.
The wyvern bites you!
You die...
Your body crumbles into a pile of gold.

▓?▓
▓)▓
▓.▓
▓[▓
▓[▓
▓[▓
▓.▓
▓$▓
▓@▓
▓k▓
▓.▓
▓.▓
▓.▓
▓.▓
▓.▓
▓+▓


You could see a wyvern.

Vanquished Creatures
  A kobold demonologist (D)
  A scorpion (D)
  A wight (D)
  A howler monkey (D)
  An iguana (D)
  2 orc wizards (D)
  2 adders (D)
  An orc (D)
  A ball python (D)
  A giant cockroach (D)
  A hobgoblin (D)
  A frilled lizard (D)
  A rat (D)
15 creatures vanquished.

Notes
Turn   | Place    | Note
-------+----------+-------------------------------------------
     0 | D        | Heoruswealwe the Minotaur Fighter began the quest for the
                  | Orb.
     0 | D        | Reached XP level 1. HP: 19/19 MP: 0/0
     6 | D        | Reached skill level 3 in Polearms
    25 | D        | Noticed a scorpion
    25 | D        | Noticed an iguana
    42 | D        | Killed a scorpion
    43 | D        | Reached skill level 5 in Fighting
    43 | D        | Reached skill level 6 in Polearms
    43 | D        | Reached skill level 5 in Armour
    43 | D        | Reached XP level 2. HP: 29/30 MP: 1/1
    43 | D        | Reached XP level 3. HP: 36/37 MP: 2/2
    51 | D        | Reached skill level 7 in Polearms
    51 | D        | Reached XP level 4. HP: 34/44 MP: 3/3
    66 | D        | Reached skill level 8 in Polearms
    73 | D        | Found a snail-covered altar of Cheibriados.
    73 | D        | Found a shadowy altar of Dithmenos.
    73 | D        | Found a white marble altar of Elyvilon.
    73 | D        | Found a blossoming altar of Fedhas.
    73 | D        | Found an opulent altar of Gozag.
    74 | D        | Found a hazy altar of Hepliaklqana.
    75 | D        | Found a viscous altar of Jiyva.
    76 | D        | Found an ancient bone altar of Kikubaaqudgha.
    77 | D        | Found a corrupted altar of Lugonu.
    78 | D        | Found a burning altar of Makhleb.
    79 | D        | Found a sparkling altar of Nemelex Xobeh.
    80 | D        | Found an iron altar of Okawaru.
    81 | D        | Became a worshipper of Gozag Ym Sagoz the Greedy
    82 | D        | Found a stormy altar of Qazlal.
    83 | D        | Found a sacrificial altar of Ru.
    84 | D        | Found a shimmering blue altar of Sif Muna.
    85 | D        | Found a bloodstained altar of Trog.
    86 | D        | Found a hide-covered altar of Uskayaw.
    87 | D        | Found a radiant altar of Vehumet.
    88 | D        | Found an ornate altar of the Wu Jian Council.
    89 | D        | Found a shimmering altar of Xom.
    90 | D        | Found a basalt altar of Yredelemnul.
    91 | D        | Found a glowing silver altar of Zin.
    92 | D        | Found a glowing golden altar of the Shining One.
   100 | D        | Found the +7 great mace "Firestarter" {flame, immolate,
                  | rFlCloud rF++}
   117 | D        | Noticed a kobold demonologist
   117 | D        | Noticed a wyvern
   123 | D        | Reached skill level 9 in Polearms
   123 | D        | Reached XP level 5. HP: 19/52 MP: 4/4
   128 | D        | Killed a kobold demonologist
   129 | D        | Reached skill level 12 in Polearms
   129 | D        | Reached XP level 6. HP: 15/63 MP: 5/5
   150 | D        | Slain by a wyvern

Illustrated notes

Levels and vault maps discovered:
D:        linesprint [early_d, line_temple, items_1, d_10, items_2, lair_1,
          lair_end, items_3, orc_1, orc_end, items_4, d_15, swamp_1, shoals_1,
          snake_1, spider_1, d_20, vaults_1, items_5, swamp_end, shoals_end,
          snake_end, spider_end, vaults_end, d_27, items_6, zot_1, zot_end,
          crypt_end, forest_end, elf_end, slime_end, tomb_end, abyss_end,
          pan_hell_end]

Skill      XL: |  1  2  3  4  5 |
---------------+----------------+-----
Polearms       | 6 7 9 12 | 12.7
Fighting       | 5 7 9 |  9.6
Armour         | 5 7 9 |  9.6
Shields        | |  3.6

Action                     |  1- 3 |  4- 6 || total
---------------------------+-------+-------++-------
  Melee: Trident           |    39 |    43 ||    82
         Headbutt          |     6 |     7 ||    13
    Use: Potion            |     1 |       ||     1
 Armour: Scale mail        |    25 |    24 ||    49
  Dodge: Dodged            |    14 |     9 ||    23
  Block: Buckler           |     6 |     4 ||    10
